AoeStats
← John Hawkwood

Arabia

509723536Analyzed
1v1 RM · 4d ago on Sep 27, 2026· 36m 45s· 2 players
Game mode
Random Map
Map size
Tiny (2 player)
Population
200
Speed
Normal
Resources
Standard
Victory
Conquest
Starting age
Dark Age
Ending age
Imperial Age
RankedLock teamsTeams togetherTeam positionsShared explorationLock speedFull tech treeHidden civsTurbo modeCheats
Victory
Defeat
🇺🇸 Mongols · United States
994
+15
🇦🇷 Huns · Argentina
983
-15
GdN_MonarKA
4:56 Loom
7:13 Loom
9:25 Feudal Age
10:03 Double-Bit Axe
24:42 Castle Age
25:23 Bloodlines
25:11 Fletching
25:29 Scale Barding Armor
26:18 Bodkin Arrow
26:57 Chain Barding Armor
26:32 Gold Mining
28:04 Wheelbarrow
John Hawkwood
8:06 Loom
8:11 Loom
10:52 Feudal Age
9:25 Loom
19:17 Bloodlines
19:33 Horse Collar
22:35 Double-Bit Axe
25:26 Castle Age
24:15 Double-Bit Axe
25:34 Forging
26:33 Scale Barding Armor
26:52 Bow Saw
28:28 Husbandry
31:38 Gold Mining
33:32 Chain Barding Armor
34:18 Wheelbarrow
Connection lost

Rejoining the realm…

Still unreachable

The connection could not be restored.

Session expired

The server has moved on; the page needs a fresh start.